 Dungeon Crawl Stone Soup version 0.31-a0-1-g4198be8af4 (webtiles) character file.

Game seed: 15668518678406072159

6569 themarg the Summoner (level 11, -1/79 HPs)
             Began as a Merfolk Summoner on May 2, 2023.
             Was an Initiate of Gozag.
             Slain by Snorg (16 damage)
             ... on level 10 of the Dungeon.
             The game lasted 00:29:08 (11256 turns).

themarg the Summoner (Merfolk Summoner)            Turns: 11256, Time: 00:29:09

Health: -1/79      AC:  8    Str:  8    XL:     11   Next: 1%
Magic:  7/19       EV: 14    Int: 19    God:    Gozag
Gold:   766        SH:  0    Dex: 15    Spells: 11/21 levels left

rFire   + . .        g - +0 trident
rCold   . . .        (no shield)
rNeg    + . .        u - +2 robe {rN+}
rPois   .            (no helmet)
rElec   .            s - +0 cloak
rCorr   +            (no gloves)
SInv    .            n - +2 pair of boots
Will    .....        (no amulet)
Stlth   ++           m - ring of resist corrosion
HPRegen 0.33/turn    M - ring of protection from fire
MPRegen 0.16/turn

%: no passive effects
@: studying Transmutations
A: (nimble swimmer 2), mertail
a: Renounce Religion, Potion Petition, Call Merchant, Bribe Branch


You were on level 10 of the Dungeon.
You worshipped Gozag.
Gozag was pleased with you.
You visited 2 branches of the dungeon, and saw 11 of its levels.
You also visited: Ossuary.

You collected 893 gold pieces.
You paid 127 gold pieces to Gozag.

Inventory:

Hand Weapons
 g - a +0 trident (weapon)
Missiles
 a - a curare-tipped dart
 f - 58 stones
 G - 6 boomerangs
 I - 6 poisoned darts
 N - 3 javelins
Armour
 n - a +2 pair of boots (worn)
 p - the +3 ring mail "Wagolil" {Will+ Slay+3}
   (You took it off a hobgoblin on level 3 of the Dungeon)

   Slay:      It affects your accuracy & damage with ranged weapons and melee
   (+3).
   Will:      It increases your willpower.
 s - a +0 cloak (worn)
 u - a +2 robe of positive energy (worn)
Jewellery
 m - a ring of resist corrosion (left hand)
 M - a ring of protection from fire (right hand)
Wands
 i - a wand of polymorph (23)
 w - a wand of flame (30)
 x - a wand of paralysis (3)
 D - a wand of iceblast (6)
Scrolls
 j - 4 scrolls of blinking
 l - 3 scrolls of vulnerability
 o - 7 scrolls of teleportation
 q - a scroll of identify
 t - 4 scrolls of fear
 y - a scroll of poison {unknown}
 z - 3 scrolls of amnesia
 A - a scroll of enchant weapon {unknown}
 B - a scroll of torment {unknown}
 E - 2 scrolls of noise
 H - a scroll of magic mapping {unknown}
 L - a scroll of fog {unknown}
Potions
 b - a potion of magic
 c - 2 potions of lignification
 d - 3 potions of haste
 e - 2 potions of resistance
 h - 2 potions of mutation {unknown}
 k - 7 potions of curing
 r - a potion of flight {unknown}
 v - 3 potions of might {unknown}
 C - 2 potions of attraction {unknown}
 J - a potion of berserk rage {unknown}
 K - a potion of brilliance {unknown}


   Skills:
 - Level 5.0 Fighting
 - Level 7.0 Polearms
 - Level 1.0 Throwing
 - Level 5.0 Dodging
 - Level 3.0 Stealth
 + Level 5.7 Spellcasting
 - Level 12.0 Summonings
 + Level 4.7 Air Magic
 - Level 2.0 Evocations


You had 11 spell levels left.
You knew the following spells:

 Your Spells              Type           Power      Damage    Failure   Level
a - Summon Small Mammal   Summ           100%       N/A       1%          1
b - Call Imp              Summ           100%       N/A       1%          2
c - Call Canine Familiar  Summ           50%        N/A       1%          3
d - Summon Lightning Spi  Summ/Air       37%        N/A       3%          4

Your spell library contained the following spells:

 Spells                   Type           Power      Damage    Failure   Level
 Summon Guardian Golem    Hex/Summ       28%        N/A       3%          3
 Swiftness                Air            23%        N/A       4%          3
 Cigotuvi's Dreadful Rot  Necr/Pois/Air  22%        N/A       9%          2
 Sandblast                Erth           10%        2d5       12%         1
 Ensorcelled Hibernation  Hex/Ice        10%        N/A       17%         2
 Passwall                 Tmut/Erth      4%         N/A       17%         2
 Ignite Poison            Fire/Tmut/Pois 5%         N/A       34%         3
 Stone Arrow              Conj/Erth      10%        3d7       34%         3
 Dispel Undead            Necr           5%         3d7       75%         4
 Freezing Cloud           Conj/Ice/Air   5%         6-21      86%         5
 Death Channel            Necr           2%         N/A       100%        6


Dungeon Overview and Level Annotations

Branches:
Dungeon (9/15)             Temple (1/1) D:7         Ossuary (visited)
   Lair: D:8-11         Orc: D:9-12

Altars:
Ashenzari
Cheibriados
Dithmenos
Elyvilon
Fedhas
Gozag
Hepliaklqana
Kikubaaqudgha
Makhleb
Nemelex Xobeh
Okawaru
Qazlal
Ru
Sif Muna
Trog
Uskayaw
Vehumet
Wu Jian
Xom
Yredelemnul
Zin
The Shining One

Shops:
D:2 (

Annotations:
D:5 2 transporters
D:6 2 transporters, themarg's ghost, novice MfSu
D:10 Gastronok; Lodul; Snorg


Innate Abilities, Weirdness & Mutations

((You are very nimble when in or above water. (Stealth+, EV+, Speed+++)))
Your lower body shifts to a powerful aquatic tail in water.


Message History

Something unseen opens the door.
An electric hum fills the air.
Your lightning spire shoots out a bolt of lightning at Snorg!
The bolt of electricity hits Snorg!
Snorg bites your lightning spire.
Snorg barely misses your lightning spire. x2
Your lightning spire shoots out a bolt of lightning at Snorg!
The bolt of electricity hits Snorg.
Reach: g) +0 trident
Press: ? - help, Dir - move target, f - Snorg
Aim: Snorg (moderately wounded, ally target, about 37% to evade your +0 trident)
You could not reach far enough!
Snorg bites your lightning spire! Snorg claws your lightning spire.
Snorg barely misses your lightning spire.
Reach: g) +0 trident
Press: ? - help, Dir - move target, f/p - Snorg
Aim: Snorg (moderately wounded, ally target, about 37% to evade your +0 trident)
You reach to attack!
You hit Snorg but do no damage.
Snorg is moderately wounded.
Snorg goes berserk!
Reach: g) +0 trident
Press: ? - help, Dir - move target, f/p - Snorg
Aim: Snorg (moderately wounded, berserk, ally target, about 37% to evade your +0 trident)
You reach to attack!
You puncture Snorg!
Snorg is moderately wounded.
Snorg bites your lightning spire!
Your lightning spire is destroyed!
Your lightning spire disappears in a puff of smoke!
Snorg bites you! Snorg claws you! x2
An electric hum fills the air.
Snorg misses you. Snorg claws you but does no damage. Snorg claws you.
Your warg barely misses Snorg.
Snorg closely misses you. Snorg barely misses you. Snorg closely misses you.
Snorg attacks as you move away! Snorg bites you!
* * * LOW HITPOINT WARNING * * *
Snorg claws you!
* * * LOW HITPOINT WARNING * * *
Snorg claws you!
You die...
Your body crumbles into a pile of gold.

##### .#.#.. [.....
...#..############
T.......8.@Th.w.|#
........########'#######
........##.....))......#
.........#....$$$......#
........##.......8.....#
........##........../..#
........##..ยง.##.##....#
........##.T.. ... ....#
...W.....w.... ).$.....+


You could see Gastronok, Snorg (berserk, ally target), a friendly warg
(summoned) and a friendly lightning spire (summoned).

Vanquished Creatures
  An unseen horror (D:8)
  3 water moccasin zombies (Ossuary)
  A killer bee (D:8)
  2 nameless horrors
  A hound (D:6)
  Ijyb (D:4)
  Terence (D:2)
  An orc wizard (D:3)
  An iguana (D:4)
  A mummy (Ossuary)
  A worm (D:3)
  4 orcs
  5 endoplasms
  A giant cockroach (D:4)
  A hobgoblin (D:2)
  A kobold (D:1)
  2 quokkas
  A ball python (D:2)
  A bat (D:2)
  A kobold zombie (Ossuary)
  An orc zombie (Ossuary)
32 creatures vanquished.

Vanquished Creatures (collateral kills)
  Pikel (D:3)
  Psyche (D:8)
  Maggie (D:8)
  A hornet (D:8)
  Sigmund (D:2)
  A shadow (D:10)
  10 yaks
  A wyvern (D:9)
  Edmund (D:6)
  2 water moccasins (D:6)
  A centaur (D:8)
  An ogre (D:6)
  A kobold brigand (D:4)
  3 bullfrogs
  3 gnoll sergeants
  A scorpion (D:5)
  4 water moccasin zombies (Ossuary)
  11 wights
  3 killer bees (D:8)
  A hound (D:5)
  A jelly (D:6)
  3 orc priests
  6 orc wizards
  Natasha (thrice) (D:2)
  7 iguanas
  2 mummies
  6 adders
  13 gnolls
  2 shadow imps (D:5)
  A white imp (D:3)
  6 adder zombies (Ossuary)
  3 dart slugs
  27 orcs
  6 bats
  5 endoplasms
  8 giant cockroaches
  3 gnoll zombies (Ossuary)
  6 goblins
  5 hobgoblins
  4 quokkas
  7 ball pythons
  4 frilled lizards
  A goblin zombie (D:5)
  7 hobgoblin zombies (Ossuary)
  4 kobolds
  4 kobold zombies (Ossuary)
  2 orc zombies
  2 rats
197 creatures vanquished.

Grand Total: 229 creatures vanquished

Notes
Turn   | Place    | Note
-------+----------+-------------------------------------------
     0 | D:1      | themarg the Merfolk Summoner began the quest for the Orb.
     0 | D:1      | Reached XP level 1. HP: 13/13 MP: 3/3
   302 | D:1      | Reached XP level 2. HP: 19/19 MP: 1/5
   305 | D:1      | Learned a level 2 spell: Call Imp
  1255 | D:2      | Found a faded altar of an unknown god.
  1309 | D:2      | Reached XP level 3. HP: 24/24 MP: 3/6
  1343 | D:2      | Found Minoamiz's Weapon Emporium.
  1348 | D:2      | Learned a level 3 spell: Call Canine Familiar
  1351 | D:2      | Noticed Terence
  1435 | D:2      | Noticed Natasha
  1444 | D:2      | Killed Natasha
  1445 | D:2      | Reached skill level 5 in Summonings
  1455 | D:2      | Reached XP level 4. HP: 30/30 MP: 3/7
  1974 | D:2      | Noticed Natasha
  1988 | D:2      | Killed Natasha
  2211 | D:2      | Noticed Sigmund
  2372 | D:2      | Killed Terence
  2373 | D:2      | Reached skill level 6 in Summonings
  2373 | D:2      | Reached XP level 5. HP: 25/35 MP: 0/8
  2554 | D:2      | Killed Sigmund
  2555 | D:2      | Reached skill level 7 in Summonings
  2555 | D:2      | Reached XP level 6. HP: 40/41 MP: 4/9
  2911 | D:3      | Found a broken altar of Ashenzari.
  2914 | D:3      | Identified the +3 ring mail "Wagolil" {Will+ Slay+3}
  3358 | D:3      | Reached XP level 7. HP: 46/46 MP: 6/10
  3874 | D:4      | Noticed Ijyb
  3890 | D:4      | Killed Ijyb
  3891 | D:4      | Reached skill level 8 in Summonings
  3891 | D:4      | Reached skill level 1 in Air Magic
  3969 | D:4      | Noticed Pikel
  4143 | D:3      | Found a broken altar of Ashenzari.
  4525 | D:3      | Killed Pikel
  4526 | D:3      | Reached XP level 8. HP: 11/52 MP: 5/11
  5400 | D:4      | Learned a level 4 spell: Summon Lightning Spire
  5642 | D:4      | Reached skill level 9 in Summonings
  5994 | D:2      | Noticed Natasha
  6029 | D:2      | Killed Natasha
  6233 | D:5      | Entered Level 5 of the Dungeon
  6331 | D:5      | Found a sand-covered staircase.
  6345 | Ossuary  | Entered an ossuary
  6701 | Ossuary  | Reached skill level 10 in Summonings
  6849 | Ossuary  | Reached XP level 9. HP: 57/57 MP: 11/14
  7225 | D:5      | Found a transporter.
  7234 | D:5      | Found a transporter.
  7502 | D:5      | Found a blossoming altar of Fedhas.
  7601 | D:6      | Reached skill level 5 in Spellcasting
  7601 | D:6      | Reached skill level 1 in Fighting
  7758 | D:6      | Found a transporter.
  7758 | D:6      | Noticed themarg's ghost (novice MfSu)
  7773 | D:6      | Found a transporter.
  7816 | D:6      | Noticed Edmund
  7836 | D:6      | Killed Edmund
  8476 | D:6      | Reached skill level 5 in Fighting
  8535 | D:6      | Reached skill level 1 in Evocations
  8673 | D:6      | Reached skill level 1 in Throwing
  8764 | D:6      | Reached skill level 1 in Polearms
  9001 | D:7      | Found a staircase to the Ecumenical Temple.
  9006 | Temple   | Entered the Ecumenical Temple
  9050 | Temple   | Became a worshipper of Gozag Ym Sagoz the Greedy
  9661 | D:8      | Reached skill level 5 in Polearms
  9752 | D:8      | Noticed Psyche
  9767 | D:8      | Killed Psyche
  9768 | D:8      | Reached XP level 10. HP: 74/74 MP: 8/17
  9915 | D:8      | Noticed Maggie
  9922 | D:8      | Killed Maggie
  9923 | D:8      | Reached skill level 11 in Summonings
 10361 | D:8      | Reached skill level 12 in Summonings
 10536 | D:8      | Found a sacrificial altar of Ru.
 10548 | D:8      | Killed an unseen horror
 10662 | D:9      | Reached skill level 5 in Dodging
 11044 | D:9      | You fall into a shaft and drop 1 floor!
 11044 | D:10     | Entered Level 10 of the Dungeon
 11058 | D:10     | Noticed Gastronok
 11058 | D:10     | Noticed Snorg
 11061 | D:10     | Noticed Lodul
 11061 | D:10     | Noticed a two-headed ogre
 11078 | D:10     | Reached XP level 11. HP: 29/79 MP: 12/19
 11256 | D:10     | Slain by Snorg

Illustrated notes

Levels and vault maps discovered:
D:1:      dpeg_arrival_pits, layout_loops_corners, grunt_decor_junction,
          chequers_serial_rivers_large_a
D:2:      layout_loops_ring, ebering_ecumenical_altar_webs, serial_shops,
          nicolae_shop_stone, uniq_sigmund, uniq_natasha, uniq_terence
D:3:      layout_loops_cross, mainiacjoe_overflow_catwalk, minivault_19
D:4:      layout_basic, minmay_manual_mandibuliform, uniq_ijyb, uniq_pikel
D:5:      layout_rooms, fedhas_altar_4, gammafunk_ghost_abyssal_escape,
          nicolae_ossuary_entry_giza
D:6:      layout_gridville, gammafunk_ghost_stat_death,
          nicolae_kite_square_tiling_tiny, uniq_edmund
D:7:      layout_loops_ring, temple_doors_e, chequers_mini_garden
D:8:      layout_rooms, mainiacjoe_overflow_alcove_4, serial_glass,
          glass_columns_b, glass_columns_b, uniq_maggie, uniq_psyche
D:9:      layout_stronghold
D:10:     layout_cross, small_statue_alley_a, kennysheep_generic_room_2,
          uniq_lodul, uniq_maurice, uniq_gastronok, uniq_snorg
Temple:   hellmonk_temple_of_storms

Skill      XL: |  1  2  3  4  5  6  7  8  9 10 |
---------------+-------------------------------+-----
Summonings     | 5 6 7 8 10 12 | 12.0
Stealth        | 3 |  3.0
Dodging        | 3 5 |  5.0
Air Magic      | 4 |  4.7
Spellcasting   | 3 5 |  5.7
Fighting       | 5 |  5.0
Evocations     | 2 |  2.0
Throwing       | 1 |  1.0
Polearms       | 5 7 |  7.0

Action                     |  1- 3 |  4- 6 |  7- 9 | 10-12 || total
---------------------------+-------+-------+-------+-------++-------
  Melee: Short sword       |    17 |    58 |    62 |       ||   137
         Tailslap          |     1 |       |       |       ||     1
         Punch             |       |     1 |     3 |     1 ||     5
         Spear             |       |       |   126 |    19 ||   145
         Unarmed           |       |       |     1 |       ||     1
         Trident           |       |       |       |    16 ||    16
   Cast: Summon Small Mamm |    33 |     3 |     3 |       ||    39
         Call Imp          |     4 |     9 |    14 |       ||    27
         Call Canine Famil |     1 |    19 |    52 |    10 ||    82
         Summon Lightning  |       |       |    33 |    18 ||    51
    Use: Scroll            |       |       |     8 |     5 ||    13
         Potion            |       |       |       |     3 ||     3
   Stab: Sleeping          |     2 |     1 |     2 |       ||     5
         Distracted        |     1 |       |     2 |     1 ||     4
 Armour: Robe              |     4 |     7 |    47 |    17 ||    75
         Ring mail         |       |     1 |    15 |       ||    16
  Dodge: Dodged            |    12 |    38 |    76 |    24 ||   150

Table legend: (Time is in decaauts)
 A = Elapsed time spent in this place.
 B = Non-inter-level travel time spent in this place.
 C = Inter-level travel time spent in this place.
 D = Time resting spent in this place.
 E = Time spent auto-exploring this place.
 F = Levels seen in this place.
 G = Mean time per level.
                   A        B        C        D        E       F      G
               +--------+--------+--------+--------+--------+-----+--------+
         Total |  11237 |  10675 |    562 |    544 |   8083 |  12 |  936.4 |
       Dungeon |  10605 |  10043 |    562 |    229 |   8025 |  10 | 1060.5 |
        Temple |     54 |     54 |      0 |      0 |      0 |   1 |   54.0 |
       Ossuary |    577 |    577 |      0 |    315 |     58 |   1 |  577.0 |
               +--------+--------+--------+--------+--------+-----+--------+

Top non-repeatable levels by time:
     D:3: 1813 daAuts
     D:2: 1571 daAuts
     D:4: 1538 daAuts
     D:6: 1381 daAuts
     D:1: 1287 daAuts
     D:8: 987 daAuts
     D:5: 771 daAuts
     D:7: 646 daAuts
 Ossuary: 577 daAuts
     D:9: 397 daAuts
    D:10: 211 daAuts
  Temple: 54 daAuts
